 Dungeon Crawl Stone Soup version 0.31.0-9-g3a7656b989 (webtiles) character file.

Game seed: 9899945512551979489

527 Marvel the Cleaver (level 7, -24/60 HPs)
             Began as a Hill Orc Fighter on Feb 2, 2024.
             Was an Initiate of Beogh.
             Annihilated by a two-headed ogre
             ... wielding a +0 giant club
              (26 damage)
             ... on level 5 of the Dungeon.
             The game lasted 00:06:44 (3236 turns).

Marvel the Cleaver (Hill Orc Fighter)               Turns: 3236, Time: 00:06:44

Health: -24/60     AC:  8    Str: 21    XL:     7   Next: 23%
Magic:  7/7        EV:  9    Int:  8    God:    Beogh [......]
Gold:   220        SH:  4    Dex: 10    Spells: 6/6 levels left

rFire   . . .        a - +0 war axe
rCold   . . .        c - +0 buckler
rNeg    . . .        b - +0 scale mail
rPois   .            k - +0 helmet
rElec   .            (no cloak)
rCorr   .            (no gloves)
SInv    .            (no boots)
Will    .....        (no amulet) Stlth
                     p - +4 ring of slaying
HPRegen 0.30/turn    (no ring)
MPRegen 0.10/turn

%: no passive effects
@: no status effects
A: no stealth
a: Renounce Religion


You were on level 5 of the Dungeon.
You worshipped Beogh.
Beogh was noncommittal.
You visited 1 branch of the dungeon, and saw 5 of its levels.

You collected 220 gold pieces.

Inventory:

Hand Weapons
 a - a +0 war axe (weapon)
 v - a +0 orcbow
Missiles
 t - 6 poisoned darts (quivered)
Armour
 b - a +0 scale mail (worn)
 c - a +0 buckler (worn)
 k - a +0 helmet (worn)
Jewellery
 p - a +4 ring of slaying (left hand)
Talismans
 q - a flux talisman
Wands
 u - a wand of flame (7)
Scrolls
 e - a scroll of acquirement
 f - a scroll of revelation {unknown}
 i - 2 scrolls of teleportation {unknown}
 j - a scroll of enchant armour {unknown}
 l - a scroll of blinking {unknown}
 m - a scroll of identify {unknown}
 n - a scroll of poison {unknown}
 s - 2 scrolls of amnesia {unknown}
Potions
 d - 2 potions of might
 g - a potion of magic {unknown}
 h - a potion of cancellation {unknown}
 r - a potion of curing {unknown}


   Skills:
 + Level 4.8 Fighting
 * Level 8.5 Axes
 + Level 4.8 Armour
 - Level 3.2 Shields


You had 6 spell levels left.
You didn't know any spells.
Your spell library contained the following spells:

 Spells                   Type           Power      Damage    Failure   Level
 Magic Dart               Conj           0%         1d3       80%         1
 Ensorcelled Hibernation  Hex/Ice        0%         N/A       91%         2
 Searing Ray              Conj           0%         2d4       91%         2
 Fugue of the Fallen      Necr           0%         N/A       99%         3
 Anguish                  Hex/Necr       0%         N/A       100%        4
 Fulminant Prism          Conj/Alch      0%         3d5       100%        4


Dungeon Overview and Level Annotations

Branches:
Dungeon (5/15)
 Temple: D:4-7

Altars:
Ru


Innate Abilities, Weirdness & Mutations

You cannot be stealthy.


Message History

The orc barely misses you.
You slash the orc!
You kill the orc!
Beogh accepts your kill.
No target in view!
No target in view!
Things that are here:
a +0 mace; an orc corpse
There is a broken door here.
You see here a +0 club.
Done exploring.
No target in view!
Done exploring.
There is a stone staircase leading down here.
You climb downwards.
The orc priest shouts!
The orc shouts!
There is a stone staircase leading up here.
There are monsters nearby!
You hit the two-headed ogre but do no damage.
You slash the orc!
You kill the orc!
Beogh accepts your kill.
You hit the orc wizard.
The orc priest invokes the aid of Beogh against you.
Pain shoots through your body!
The two-headed ogre hits you with a +0 giant club!!
Ouch! That really hurt!
* * * LOW HITPOINT WARNING * * *
The two-headed ogre hits you with a +0 giant club!
* * * LOW HITPOINT WARNING * * *
Okay, then.
This is a scroll of acquirement!
You see here a manual of Shields.
Something appears at your feet!
The orc wizard hits you but does no damage.
The orc priest hits you but does no damage.
As you read the scroll labelled YRPHEN VEAGREUTRESH, it crumbles to dust.
The creatures around you are filled with an inner flame!
It was a scroll of immolation.
The two-headed ogre hits you with a +0 giant club!!
You die...

##########
#........#
#........#
#........#
#........#
#...O....##
#..@oo.....
#..oo....##
#........#
##########


You could see a two-headed ogre (inner flame), 2 orc priests, an orc wizard
(inner flame) and an orc (inner flame).

Vanquished Creatures
  Eustachio (D:4)
  An ogre (D:2)
  A centaur (D:4)
  A scorpion (D:4)
  An iguana (D:4)
  Ijyb (D:4)
  4 adders
  3 dart slugs (D:1)
  5 orcs
  8 ball pythons
  6 endoplasms
  6 giant cockroaches
  5 goblins
  7 hobgoblins
  7 kobolds
  A quokka (D:1)
  5 bats
  4 frilled lizards (D:1)
  4 rats
71 creatures vanquished.

Vanquished Creatures (others)
  An orc (D:4)
1 creature vanquished.

Grand Total: 72 creatures vanquished

Notes
Turn   | Place    | Note
-------+----------+-------------------------------------------
     0 | D:1      | Marvel the Hill Orc Fighter began the quest for the Orb.
     0 | D:1      | Reached XP level 1. HP: 19/19 MP: 1/1
     1 | D:1      | Noticed an electric eel
    31 | D:1      | Reached XP level 2. HP: 24/27 MP: 2/2
    54 | D:1      | Reached skill level 3 in Axes
   364 | D:1      | Reached XP level 3. HP: 33/33 MP: 3/3
   701 | D:2      | Reached skill level 4 in Axes
   767 | D:2      | Found a faded altar of an unknown god.
   798 | D:2      | You fall into a shaft and drop 1 floor!
   961 | D:2      | Noticed an ogre
  1137 | D:3      | Reached XP level 4. HP: 36/40 MP: 4/4
  1394 | D:3      | Found a sacrificial altar of Ru.
  1407 | D:3      | Became a worshipper of Ru the Awakened
  1770 | D:2      | Killed an ogre
  1771 | D:2      | Reached skill level 5 in Axes
  1771 | D:2      | Reached XP level 5. HP: 47/47 MP: 5/5
  1847 | D:2      | Reached skill level 6 in Axes
  2501 | D:4      | Noticed Eustachio
  2511 | D:4      | Killed Eustachio
  2512 | D:4      | Reached skill level 7 in Axes
  2512 | D:4      | Reached XP level 6. HP: 40/53 MP: 6/6
  2583 | D:4      | Gained mutation: You cannot be stealthy. [Ru sacrifice]
  2772 | D:4      | Noticed Ijyb
  2777 | D:4      | Killed Ijyb
  2994 | D:4      | Reached skill level 8 in Axes
  2994 | D:4      | Reached XP level 7. HP: 42/60 MP: 7/7
  3122 | D:4      | Fell from the grace of Ru
  3122 | D:4      | Became a worshipper of Beogh the Brigand
  3233 | D:5      | Entered Level 5 of the Dungeon
  3233 | D:5      | Noticed a two-headed ogre
  3234 | D:5      | HP: 1/60 [two-headed ogre/+0 giant club (17)]
  3235 | D:5      | Identified 2 scrolls of acquirement
  3235 | D:5      | Acquired a manual of Shields
  3236 | D:5      | Annihilated by a two-headed ogre

Illustrated notes

Levels and vault maps discovered:
D:1:      arrival_aquarium_a, layout_basic
D:2:      layout_basic, shapermc_ecumenical_altar_totnotflames, chequers_jeans,
          minivault_19
D:3:      layout_basic, nicolae_ru_awakened_eye
D:4:      layout_cave_pods, nicolae_nh_ransacked_shop, uniq_ijyb, uniq_eustachio
D:5:      layout_rooms, mainiacjoe_overflow_tiny_flanked,
          mainiacjoe_overflow_alcove_1, nrook_loot_triangle,
          minmay_chambers_of_fives, uniq_edmund

Skill      XL: |  1  2  3  4  5  6 |
---------------+-------------------+-----
Axes           | 3 4 5 7 8 |  8.5
Fighting       | 4 |  4.8
Armour         | 4 |  4.8
Shields        | |  3.2

Action                     |  1- 3 |  4- 6 |  7- 9 || total
---------------------------+-------+-------+-------++-------
  Melee: War axe           |    92 |    61 |     8 ||   161
 Invoke: Sacrifice Stealth |       |     1 |       ||     1
         Convert to Beogh  |       |       |     1 ||     1
    Use: Potion            |       |     2 |       ||     2
         Scroll            |       |       |     2 ||     2
 Armour: Scale mail        |    53 |    48 |     6 ||   107
  Dodge: Dodged            |    31 |    27 |     5 ||    63
  Block: Buckler           |    27 |    17 |     1 ||    45
